 Dungeon Crawl Stone Soup version 0.29.0-11-gd7f09526c8 (webtiles) character file.

Game seed: 2096992330496499298

1601 leavemydog the Thaumaturge (level 8, -18/41 HPs)
             Began as a Deep Elf Conjurer on Sept 5, 2022.
             Demolished by a two-headed ogre
             ... wielding a +0 giant club
              (21 damage)
             ... on level 6 of the Dungeon.
             The game lasted 00:09:50 (7314 turns).

leavemydog the Thaumaturge (Deep Elf Conjurer)      Turns: 7314, Time: 00:09:50

Health: -18/41     AC:  3    Str:  4    XL:     8   Next: 62%
Magic:  15/23      EV: 12    Int: 26    God:
Gold:   354        SH:  0    Dex: 13    Spells: 18/25 levels left

rFire   . . .      SeeInvis .   A - +10 trident of Rerghuiw {spect, rElec}
rCold   . . .      Faith    .   (no shield)
rNeg    . . .      Spirit   .   a - +0 robe
rPois   .          Reflect  .   w - +1 hat
rElec   +          Harm     .   (no cloak)
rCorr   .          Rampage  .   (no gloves)
Will    .....                   (no boots)
Stlth   ++........              (no amulet)
HPRegen 0.13/turn               (no ring)
MPRegen 0.18/turn               (no ring)

@: no status effects
A: no striking features
a: no special abilities


You were on level 6 of the Dungeon.
You visited 1 branch of the dungeon, and saw 6 of its levels.

You collected 354 gold pieces.

Inventory:

Hand Weapons
 r - a +0 sling of flaming
 A - the +10 trident of Rerghuiw (weapon) {spect, rElec}
   (You found it on level 5 of the Dungeon)

   When its wielder attacks, the weapon's spirit leaps out and strikes again.
   The spirit shares a part of any damage it takes with its wielder.
   rElec:     It insulates you from electricity.
Armour
 a - a +0 robe (worn)
 w - a +1 hat (worn)
Jewellery
 m - a ring of fire
 s - a ring of ice
 x - a ring of fire
Wands
 i - a wand of paralysis (10)
 v - a wand of polymorph (5)
Scrolls
 d - a scroll of silence
 e - a scroll of poison {unknown}
 f - 2 scrolls of fear {unknown}
 g - 2 scrolls of fog {unknown}
 h - a scroll of vulnerability {unknown}
 n - 2 scrolls of enchant armour {unknown}
 p - a scroll of teleportation {unknown}
 u - a scroll of amnesia {unknown}
 y - a scroll of identify
Potions
 b - 2 potions of magic
 c - a potion of ambrosia {unknown}
 j - 3 potions of might
 k - a potion of brilliance
 l - a potion of heal wounds {unknown}
 o - 3 potions of haste
 q - 4 potions of curing
 t - 3 potions of flight
 z - a potion of attraction {unknown}


   Skills:
 - Level 2.4 Dodging
 - Level 2.4 Stealth
 + Level 9.3 Spellcasting
 + Level 9.0 Conjurations
 * Level 5.1 Translocations


You had 18 spell levels left.
You knew the following spells:

 Your Spells              Type           Power      Damage    Failure   Level
a - Magic Dart            Conj           100%       1d8       1%          1
b - Searing Ray           Conj           100%       2d8       1%          2
c - Iskenderun's Mystic   Conj/Tloc      49%        2d11      2%          4

Your spell library contained the following spells:

 Spells                   Type           Power      Damage    Failure   Level
 Foxfire                  Conj/Fire      100%       2x1d9     1%          1
 Conjure Flame            Conj/Fire      35%        6-21      2%          3
 Dazzling Flash           Conj/Hex       70%        N/A       2%          3
 Necrotise                Necr           48%        1d6       4%          1
 Scorch                   Fire           24%        2d6       8%          2
 Sublimation of Blood     Necr           12%        N/A       8%          2
 Wereblood                Tmut           12%        N/A       8%          2
 Flame Wave               Conj/Fire      35%        2d10      8%          4
 Fulminant Prism          Conj/Hex       17%        3d11      8%          4
 Inner Flame              Hex/Fire       12%        N/A       16%         3
 Vampiric Draining        Necr           12%        2d6       16%         3
 Animate Dead             Necr           12%        N/A       45%         4
 Agony                    Necr           12%        N/A       80%         5
 Silence                  Hex/Air        6%         N/A       80%         5
 Summon Cactus Giant      Summ           6%         N/A       100%        6
 Haunt                    Necr/Summ      6%         N/A       100%        7
 Summon Hydra             Summ           6%         N/A       100%        7
 Infestation              Necr           6%         N/A       100%        8


Dungeon Overview and Level Annotations

Branches:
Dungeon (6/15)
 Temple: D:4-7

Altars:
Ru
Trog
Yredelemnul

Shops:
D:1 *   D:4 [


Message History

There is an open door here.
Found an escape hatch in the floor.
c - a bubbling red potion You now have 354 gold pieces (gained 15).
Found a sacrificial altar of Ru and a basalt altar of Yredelemnul.
You open the door.
There is an open door here.
You open the door.
There is an open door here.
There is an open door here.
You open the door.
There is an open door here.
You open the door.
There is an open door here.
A two-headed ogre comes into view.
It is wielding a +0 giant club and a +0 dire flail.
Casting: Searing Ray (safe; 1% risk of failure)
Confirm with . or Enter, or press ? or * to list all spells.
Aiming: Searing Ray (safe; 1% risk of failure)
Press: ? - help, Shift-Dir - straight line, f - two-headed ogre
Aim: a two-headed ogre, wielding a +0 giant club and a +0 dire flail (asleep, 100% to hit)
The searing ray hits the two-headed ogre!
The two-headed ogre is lightly wounded. (Press . to maintain the ray.)
The searing ray hits the two-headed ogre!
The two-headed ogre is moderately wounded.
The searing ray hits the two-headed ogre!
The two-headed ogre is heavily wounded.
The two-headed ogre misses you.
The two-headed ogre hits you with a +0 dire flail!!
Ouch! That really hurt!
Casting: Searing Ray (safe; 1% risk of failure)
Confirm with . or Enter, or press ? or * to list all spells.
You erupt in a blast of force!
The mystic blast hits the two-headed ogre!
The two-headed ogre is severely wounded.
The two-headed ogre hits you with a +0 giant club!
* * * LOW HITPOINT WARNING * * *
The two-headed ogre hits you with a +0 dire flail!!
Ouch! That really hurt!
You die...

....................
....................
....................
...................
...................
#######.....###'##....
#.....+.....#....#....
#.....#.....#....'....
#...O@#.....#....#....
#...#.......#.##+#....
#.. ###########.......
#. #....... # #[......
#....... #.......
#....... #.....


You could see a two-headed ogre.

Vanquished Creatures
  Eustachio (D:5)
  An orc warrior (D:6)
  A sky beast (D:6)
  2 ogres (D:5)
  A kobold brigand (D:6)
  2 bullfrogs (D:6)
  A necrophage (D:5)
  4 scorpions
  2 orc priests (D:5)
  4 hounds (D:5)
  Jessica (D:3)
  6 iguanas
  3 orc wizards
  11 adders
  A shadow imp (D:6)
  14 orcs
  4 endoplasms
  2 giant cockroaches
  A goblin (D:2)
  4 hobgoblins
  2 jackals (D:1)
  7 quokkas
  5 ball pythons
  5 bats
  3 frilled lizards (D:1)
  7 kobolds
  5 rats
100 creatures vanquished.

Notes
Turn   | Place    | Note
-------+----------+-------------------------------------------
     0 | D:1      | leavemydog the Deep Elf Conjurer began the quest for the
                  | Orb.
     0 | D:1      | Reached XP level 1. HP: 10/10 MP: 6/6
   224 | D:1      | Reached XP level 2. HP: 15/15 MP: 2/8
   365 | D:1      | Reached skill level 5 in Conjurations
   638 | D:1      | Found a faded altar of an unknown god.
   685 | D:1      | Learned a level 2 spell: Searing Ray
   815 | D:1      | Found Teakilen's Assorted Antiques.
   928 | D:2      | Reached XP level 3. HP: 19/19 MP: 7/9
  1939 | D:3      | Reached XP level 4. HP: 24/24 MP: 5/11
  1947 | D:3      | Learned a level 4 spell: Iskenderun's Mystic Blast
  2099 | D:3      | Noticed Jessica
  2101 | D:3      | Killed Jessica
  2823 | D:4      | Noticed a scorpion
  2831 | D:4      | Killed a scorpion
  2832 | D:4      | Reached skill level 1 in Translocations
  2832 | D:4      | Reached XP level 5. HP: 13/28 MP: 2/13
  3311 | D:4      | Found Zitoex's Armour Emporium.
  3397 | D:4      | Found a bloodstained altar of Trog.
  3463 | D:4      | Reached XP level 6. HP: 32/32 MP: 10/15
  3539 | D:4      | Reached skill level 5 in Spellcasting
  3981 | D:5      | Entered Level 5 of the Dungeon
  4064 | D:5      | Identified the +10 trident of Rerghuiw {spect, rElec}
  4427 | D:5      | Noticed Eustachio
  4442 | D:5      | Killed Eustachio
  4443 | D:5      | Reached XP level 7. HP: 35/36 MP: 4/19
  5463 | D:5      | Reached XP level 8. HP: 41/41 MP: 14/21
  6527 | D:6      | Reached skill level 5 in Translocations
  7260 | D:6      | Found a sacrificial altar of Ru.
  7260 | D:6      | Found a basalt altar of Yredelemnul.
  7310 | D:6      | Noticed a two-headed ogre
  7314 | D:6      | Demolished by a two-headed ogre

Illustrated notes

Levels and vault maps discovered:
D:1:      dpeg_arrival_shrine, layout_rooms, chequers_ecumenical_altar_simple,
          serial_shops, shop
D:2:      layout_basic
D:3:      layout_basic, uniq_jessica
D:4:      layout_gridville, trog_antimagical, serial_shops, nicolae_shop_stone
D:5:      layout_basic, uniq_eustachio
D:6:      layout_gridville, nicolae_overflow_two_pavilions

Skill      XL: |  1  2  3  4  5  6  7  8 |
---------------+-------------------------+-----
Conjurations   | 5 6 7 8 9 |  9.0
Spellcasting   | 4 6 7 9 |  9.3
Translocations | 1 3 4 5 |  5.1
Dodging        | |  2.4
Stealth        | |  2.4

Action                   |  1- 3 |  4- 6 |  7- 9 || total
-------------------------+-------+-------+-------++-------
 Cast: Magic Dart        |    59 |    46 |    75 ||   180
       Searing Ray       |     1 |    20 |    19 ||    40
       Iskenderun's Myst |       |       |     1 ||     1
  Use: Scroll            |       |     5 |     2 ||     7
Armor: Robe              |       |     1 |     8 ||     9
Dodge: Dodged            |     4 |    10 |    28 ||    42
